 Dungeon Crawl Stone Soup version 0.26-a0-652-gafc20e3620 (webtiles) character file.

Game seed: 4651780234382216615

17866 zhorgal the Cleaver (level 12, 0/110 HPs)
             Began as a Minotaur Berserker on Oct 2, 2020.
             Was a High Priest of Trog.
             Slain by an 11-headed hydra (7 damage)
             ... on level 1 of the Lair of Beasts.
             The game lasted 00:32:48 (11806 turns).

zhorgal the Cleaver (Minotaur Berserker)           Turns: 11806, Time: 00:32:49

Health: 0/110      AC: 23    Str: 33    XL:     12   Next: 22%
Magic:  11/11      EV:  6    Int:  4    God:    Trog [*****.]
Gold:   203        SH: 17    Dex: 18    Spells: 11/11 levels left

rFire    . . .     SeeInvis +   B - +9 broad axe of Valour {vorpal, *Contam +Rage Str+8 SInv}
rCold    . . .     Faith    .   k - +0 tower shield
rNeg     . . .     Spirit   .   G - +9 chain mail of Boredom {Dex+3}
rPois    .         Reflect  .   (helmet restricted)
rElec    .         Harm     .   K - +1 cloak of Autotheism {+Inv Dex+3 Stlth+}
rCorr    .         Rampage  .   (no gloves)
MR       .....                  (no boots)
Stlth    ..........             (no amulet)
HPRegen  0.28/turn              H - ring of attention (curse)
MPRegen  0.12/turn              (no ring)

@: lethally poisoned (0 -> -1)
A: retaliatory headbutt, horns 2
a: Berserk, Trog's Hand, Brothers in Arms, Renounce Religion, Evoke Berserk
Rage, Evoke Invisibility


You were on level 1 of the Lair of Beasts.
You worshipped Trog.
Trog was extremely pleased with you.
You visited 2 branches of the dungeon, and saw 12 of its levels.

You collected 683 gold pieces.
You spent 480 gold pieces at shops.

Inventory:

Hand Weapons
 h - the +8 war axe of Objectivity {protect, +Fly Str+5}
   (You acquired it on level 5 of the Dungeon)

   It grants its wielder temporary protection when it strikes (+7 to AC).
   It affects your strength (+5).
   It lets you fly.
 w - a +1 morningstar
 B - the +9 broad axe of Valour (weapon) {vorpal, *Contam +Rage Str+8 SInv}
   (You acquired it on level 7 of the Dungeon)

   It inflicts extra damage upon your enemies.
   It affects your strength (+8).
   It lets you see invisible.
   It lets you go berserk.
   It causes magical contamination when unequipped.
 P - the +8 mithril axe "Arga" {speed, MR+}
   (Trog gifted it to you on level 11 of the Dungeon)

   Attacks with this weapon are significantly faster.
   It affects your resistance to hostile enchantments.
Missiles
 c - 310 stones (quivered)
 g - 200 bolts
 j - 12 curare-tipped darts
 l - 70 poisoned darts
 o - 12 boomerangs
 p - 6 boomerangs of dispersal
 s - 134 arrows
 u - 110 sling bullets
 z - 7 javelins
Armour
 k - a +0 tower shield (worn)
 G - the +9 chain mail of Boredom (worn) {Dex+3}
   (You found it on level 7 of the Dungeon)

   It affects your dexterity (+3).
 K - the +1 cloak of Autotheism (worn) {+Inv Dex+3 Stlth+}
   (You bought it in a shop on level 8 of the Dungeon)

   It affects your dexterity (+3).
   It lets you turn invisible.
   It makes you more stealthy.
Jewellery
 H - a cursed ring of attention (left hand)
Wands
 a - a wand of disintegration (25)
 r - a wand of enslavement (17)
 v - a wand of random effects (27)
 x - a wand of iceblast (6)
 E - a wand of flame (41)
 J - a wand of polymorph (18)
 M - a wand of acid (6)
Scrolls
 b - 3 scrolls of enchant weapon
 d - 2 scrolls of identify
 e - a scroll of fear {unknown}
 f - 5 scrolls of fog
 m - 9 scrolls of teleportation
 t - 4 scrolls of remove curse
 y - 7 scrolls of enchant armour
 N - a scroll of magic mapping
Potions
 i - 6 potions of heal wounds
 n - 8 potions of curing
 q - 4 potions of stabbing
 A - 9 potions of haste
 C - a potion of berserk rage
 D - 3 potions of resistance
 F - 2 potions of lignification {!q}
 I - a potion of cancellation
 L - 2 potions of mutation {!q}
 O - a potion of invisibility {unknown}
 Q - a potion of flight {unknown}


   Skills:
 + Level 11.6 Fighting
 + Level 14.3 Axes
 + Level 11.4 Armour
 - Level 2.1 Dodging
 - Level 4.0 Shields
 - Level 8.0 Evocations


You had 11 spell levels left.
You didn't know any spells.
Your spell library contained the following spells:

 Spells                   Type           Power        Failure   Level
 Confusing Touch          Hex            #.......     100%        3
 Gell's Gravitas          Tloc           #.........   100%        3
 Petrify                  Tmut/Erth      #.......     100%        4
 Metabolic Englaciation   Hex/Ice        #.........   100%        5
 Yara's Violent Unravell  Hex/Tmut       #.........   100%        5


Dungeon Overview and Level Annotations

Branches:
Dungeon (11/15)            Temple (0/1) D:5            Lair (1/6) D:11
    Orc (0/2) D:11

Altars:
Cheibriados
Elyvilon
Fedhas
Nemelex Xobeh
Qazlal
Sif Muna
Trog
Zin

Shops:
D:8 [**


Innate Abilities, Weirdness & Mutations

You reflexively headbutt those who attack you in melee.
You have a pair of horns on your head.


Message History

The crocodile completely misses you. You furiously retaliate!
You headbutt the crocodile!
You chop one of the ten-headed hydra's heads off!
The nine-headed hydra grows two more!
You slash the 11-headed hydra! You headbutt the 11-headed hydra!
You hit the crocodile but do no damage. You slash the yak!
You kill the yak!
Trog accepts your kill.
Training target 8.0 for Evocations reached!
Your Evocations skill increases to level 8!
You block the 11-headed hydra's attack.
The 11-headed hydra bites you but does no damage.
You block the 11-headed hydra's attack. x2; The 11-headed hydra bites you.
* * * LOW HITPOINT WARNING * * *
The 11-headed hydra bites you!
* * * LOW HITPOINT WARNING * * *
The 11-headed hydra bites you but does no damage. x2
The 11-headed hydra completely misses you.
The 11-headed hydra bites you!
You die...

.........########
.........#
##.......#
##....†##
#......###
####......#.#
#............††#
............tD†.#
.............@..#
.......##....#.##
....#.###.....##
.............##
............##
#...)......##
#####.......#
##........#
#.........#


You could see a 11-headed hydra and a crocodile.

Vanquished Creatures
  A hydra (D:11)
  Erica (D:11)
  A two-headed ogre (D:11)
  An ugly thing (D:11)
  A cyclops (D:11)
  Joseph (D:8)
  2 black mambas (Lair:1)
  A hornet (D:11)
  2 hippogriffs
  7 blink frogs (Lair:1)
  Sigmund (D:4)
  A vampire (D:11)
  30 yaks
  A basilisk (D:11)
  Eustachio (D:4)
  Grum (Lair:1)
  A water moccasin (D:8)
  5 porcupines
  3 orc warriors
  5 ice beasts
  4 sky beasts
  A necrophage (D:7)
  2 black bears
  6 ogres
  9 wolves (Lair:1)
  3 centaurs
  A big kobold (D:11)
  5 crocodiles
  13 bullfrogs
  A water moccasin zombie (D:8)
  4 scorpions
  12 wights
  2 quasits
  10 orc priests
  Crazy Yiuf (D:5)
  3 jellies
  Ijyb (D:4)
  7 hounds
  A bullfrog skeleton (D:7)
  2 centaur skeletons
  Jessica (D:2)
  Natasha (thrice) (D:2)
  5 iguanas
  6 orc wizards
  9 worker ants
  2 hound zombies (D:11)
  A howler monkey zombie (D:11)
  A worker ant zombie (D:11)
  5 gnolls
  19 adders
  2 shadow imps
  A white imp (D:7)
  2 ufetubi
  2 oozes
  3 adder skeletons
  5 worms
  4 dart slugs
  4 leopard geckos
  34 orcs
  3 ball pythons
  9 bats
  8 giant cockroaches
  6 goblins
  5 hobgoblins
  9 jackals
  18 kobolds
  6 quokkas
  A ball python skeleton (D:4)
  3 frilled lizards (D:3)
  A giant cockroach zombie (D:5)
  A leopard gecko skeleton (D:5)
  A leopard gecko zombie (D:5)
  A quokka skeleton (D:7)
  11 rats
347 creatures vanquished.

Vanquished Creatures (others)
  8 fungi
  8 plants
16 creatures vanquished.

Grand Total: 363 creatures vanquished

Notes
Turn   | Place    | Note
-------+----------+-------------------------------------------
     0 | D:1      | zhorgal the Minotaur Berserker began the quest for the Orb.
     0 | D:1      | Reached XP level 1. HP: 19/19 MP: 0/0
    35 | D:1      | Reached skill level 4 in Axes
    42 | D:1      | Reached XP level 2. HP: 14/26 MP: 1/1
   645 | D:1      | Reached skill level 5 in Axes
   655 | D:1      | Reached XP level 3. HP: 31/31 MP: 2/2
   673 | D:1      | Reached ** piety under Trog
  1146 | D:2      | Noticed Natasha
  1151 | D:2      | Killed Natasha
  1151 | D:2      | Reached skill level 6 in Axes
  1151 | D:2      | Reached XP level 4. HP: 30/39 MP: 3/3
  1257 | D:2      | Noticed Jessica
  1267 | D:2      | Killed Jessica
  1453 | D:2      | Noticed Natasha
  1461 | D:2      | Killed Natasha
  1461 | D:2      | Reached skill level 7 in Axes
  1461 | D:2      | Reached XP level 5. HP: 37/45 MP: 4/4
  1494 | D:2      | Noticed Natasha
  1502 | D:2      | Killed Natasha
  1813 | D:2      | Found a faded altar of an unknown god.
  2145 | D:3      | Found a glowing silver altar of Zin.
  2146 | D:3      | Found a blossoming altar of Fedhas.
  2452 | D:3      | Found a bloodstained altar of Trog.
  2755 | D:3      | Reached skill level 8 in Axes
  2759 | D:3      | Found a white marble altar of Elyvilon.
  2870 | D:3      | Reached XP level 6. HP: 51/51 MP: 5/5
  3138 | D:3      | Reached skill level 9 in Axes
  3233 | D:3      | Reached *** piety under Trog
  3496 | D:3      | Found a sparkling altar of Nemelex Xobeh.
  4003 | D:4      | Reached skill level 1 in Shields
  4131 | D:4      | Reached XP level 7. HP: 58/58 MP: 6/6
  4300 | D:4      | Noticed Sigmund
  4324 | D:4      | Killed Sigmund
  4373 | D:4      | Noticed Eustachio
  4388 | D:4      | Killed Eustachio
  4528 | D:4      | Reached skill level 10 in Axes
  4651 | D:4      | You fall into a shaft and drop 3 floors!
  4664 | D:7      | Reached XP level 8. HP: 59/67 MP: 7/7
  4732 | D:7      | Reached skill level 5 in Fighting
  4905 | D:5      | Entered Level 5 of the Dungeon
  4978 | D:5      | Identified a scroll of acquirement
  4978 | D:5      | Acquired the +8 war axe of Objectivity {protect, +Fly
                  | Str+5}
  5058 | D:5      | Found a staircase to the Ecumenical Temple.
  5133 | D:4      | Noticed Ijyb
  5142 | D:4      | Reached skill level 5 in Armour
  5146 | D:4      | Killed Ijyb
  5296 | D:4      | Reached skill level 1 in Evocations
  5301 | D:4      | Reached **** piety under Trog
  5307 | D:4      | Reached skill level 11 in Axes
  5420 | D:4      | Found a stormy altar of Qazlal.
  5590 | D:5      | Reached XP level 9. HP: 78/78 MP: 8/8
  5879 | D:5      | Found a runed translucent door.
  5880 | D:5      | Noticed Crazy Yiuf
  5886 | D:5      | Killed Crazy Yiuf
  6065 | D:6      | Found a shimmering blue altar of Sif Muna.
  6118 | D:6      | Found a snail-covered altar of Cheibriados.
  6759 | D:7      | Found a white marble altar of Elyvilon.
  6795 | D:7      | Got a smoking chain mail
  6806 | D:7      | Identified the +9 chain mail of Boredom {Dex+3} (You found
                  | it on level 7 of the Dungeon)
  6839 | D:7      | Acquired the +9 broad axe of Valour {vorpal, *Contam +Rage
                  | Str+8 SInv}
  7002 | D:8      | Noticed Joseph
  7012 | D:8      | Killed Joseph
  7122 | D:8      | Found Pelon's Assorted Antiques.
  7140 | D:8      | Reached skill level 12 in Axes
  7143 | D:8      | Reached ***** piety under Trog
  7185 | D:8      | Reached XP level 10. HP: 88/88 MP: 9/9
  7321 | D:8      | Found Toxkut's Armour Emporium.
  7744 | D:8      | Found Bejish's General Store.
  7753 | D:8      | Bought a scroll of enchant armour for 120 gold pieces
  7753 | D:8      | Bought a potion of heal wounds for 80 gold pieces
  7801 | D:8      | Bought a sapphire potion for 24 gold pieces
  7801 | D:8      | Bought a jewelled cloak for 256 gold pieces
  8081 | D:9      | Reached skill level 5 in Evocations
  8104 | D:9      | Identified the +1 cloak of Autotheism {+Inv Dex+3 Stlth+}
                  | (You bought it in a shop on level 8 of the Dungeon)
  8842 | D:10     | Entered Level 10 of the Dungeon
  9610 | D:11     | Received a gift from Trog
  9611 | D:11     | Found the +8 mithril axe "Arga" {speed, MR+}
  9746 | D:11     | Reached skill level 13 in Axes
  9800 | D:11     | Found a staircase to the Lair.
  9840 | D:11     | Noticed a cyclops
  9846 | D:11     | Killed a cyclops
  9846 | D:11     | Reached XP level 11. HP: 70/99 MP: 10/10
  9988 | D:11     | Reached skill level 10 in Fighting
 10087 | D:11     | Found a staircase to the Orcish Mines.
 10214 | D:11     | Noticed a green ugly thing
 10230 | D:11     | Killed a green ugly thing
 10230 | D:11     | Reached skill level 10 in Armour
 10455 | D:11     | Noticed Erica
 10458 | D:11     | Noticed a seven-headed hydra
 10461 | D:11     | Noticed a six-headed hydra
 10953 | D:11     | Killed an 11-headed hydra
 10968 | D:11     | Noticed a two-headed ogre
 10978 | D:11     | Killed a two-headed ogre
 11251 | D:11     | Killed Erica
 11354 | Lair:1   | Entered Level 1 of the Lair of Beasts
 11379 | Lair:1   | Noticed Grum
 11394 | Lair:1   | Killed Grum
 11396 | Lair:1   | Reached skill level 14 in Axes
 11567 | Lair:1   | Reached XP level 12. HP: 110/110 MP: 11/11
 11791 | Lair:1   | Noticed an eight-headed hydra
 11806 | Lair:1   | Slain by an 11-headed hydra

Illustrated notes

Levels and vault maps discovered:
D:1:      saegor_arrival_simple_a, layout_rooms
D:2:      layout_basic, chequers_ecumenical_altar_simple, st_stairs_11,
          fountainhead, uniq_natasha, uniq_jessica
D:3:      layout_loops_ring, nemelex_xobeh_ov_fountains_minmay, bloody_trog,
          grunt_temple_overflow_open
D:4:      layout_loops_ring, nicolae_qazlal_eye_of_the_storm, uniq_ijyb,
          uniq_eustachio, uniq_sigmund
D:5:      layout_cave_pools, minmay_temple_entry_hall, dk_noncrumbling_2,
          uniq_crazy_yiuf_cottage
D:6:      layout_basic, cheibrodos_worm_habitat, nicolae_overflow_hidden_temple
D:7:      layout_gridville, elyvilon_altar_5
D:8:      layout_basic, serial_shops, kennysheep_mini_moat, shop,
          nicolae_shop_waterfront, minmay_liquid_box, uniq_joseph
D:9:      layout_irregular_city, minmay_variable_closet
D:10:     layout_gridville
D:11:     layout_basic, minmay_lair_entry_grove, orc_0_dummy, uniq_erica
Lair:1:   layout_misc_corridors, beast_lair_carwin_2, uniq_grum

Skill      XL: |  1  2  3  4  5  6  7  8  9 10 11 12 |
---------------+-------------------------------------+-----
Axes           | 4 5 6 7 8 9 10 11 12 13 14 | 14.3
Shields        | 1 3 4 |  4.0
Fighting       | 4 6 8 9 11 | 11.6
Armour         | 4 5 7 9 11 | 11.4
Evocations     | 2 4 6 7 8 |  8.0
Dodging        | |  2.1

Action                   |  1- 3 |  4- 6 |  7- 9 | 10-12 || total
-------------------------+-------+-------+-------+-------++-------
Melee: Hand axe          |    74 |   225 |   129 |       ||   428
       Headbutt          |    13 |    33 |    51 |    80 ||   177
       War axe           |       |       |   111 |       ||   111
       Broad axe         |       |       |    35 |   295 ||   330
Invok: Trog's Hand       |       |     2 |     2 |       ||     4
       Berserk           |       |       |       |     1 ||     1
Evoke: Wand              |       |       |       |     4 ||     4
  Use: Scroll            |       |       |    12 |     9 ||    21
Armor: Animal skin       |     8 |       |       |       ||     8
       Ring mail         |     7 |    36 |       |       ||    43
       Chain mail        |       |    29 |    10 |   114 ||   153
       Plate armour      |       |     3 |    81 |       ||    84
Dodge: Dodged            |    36 |    26 |    29 |    54 ||   145
Block: Tower shield      |    25 |   114 |   177 |   214 ||   530

Table legend: (Time is in decaauts)
 A = Elapsed time spent in this place.
 B = Non-inter-level travel time spent in this place.
 C = Inter-level travel time spent in this place.
 D = Time resting spent in this place.
 E = Time spent auto-exploring this place.
 F = Levels seen in this place.
 G = Mean time per level.
                   A        B        C        D        E       F      G
               +--------+--------+--------+--------+--------+-----+--------+
         Total |  11905 |  11498 |    407 |    964 |   8108 |  12 |  992.1 |
       Dungeon |  11452 |  11045 |    407 |    954 |   7836 |  11 | 1041.1 |
          Lair |    453 |    453 |      0 |     10 |    272 |   1 |  453.0 |
               +--------+--------+--------+--------+--------+-----+--------+

Top non-repeatable levels by time:
     D:2: 1741 daAuts
    D:11: 1447 daAuts
     D:3: 1270 daAuts
     D:8: 1106 daAuts
    D:10: 1088 daAuts
     D:1: 999 daAuts
     D:4: 999 daAuts
     D:9: 816 daAuts
     D:7: 710 daAuts
     D:5: 680 daAuts
     D:6: 591 daAuts
  Lair:1: 453 daAuts
